 Dungeon Crawl Stone Soup version 0.16.2-12-gd0ad4c3 (webtiles) character file.

153 Kloppie the Poker (level 5, -1/44 HPs)
             Began as a Merfolk Berserker on Oct 28, 2015.
             Was a Priest of Trog.
             Slain by an iron imp (10 damage)
             ... summoned by Natasha
             ... on level 3 of the Dungeon.
             The game lasted 00:06:06 (2149 turns).

Kloppie the Poker (Merfolk Berserker)               Turns: 2149, Time: 00:06:07

Health: -1/44      AC:  5    Str: 17    XL:     5   Next: 35%
Magic:  5/5        EV: 11    Int:  7    God:    Trog [***...]
Gold:   91         SH:  0    Dex: 14    Spells: 0 memorised, 4 levels left

rFire  + . .     SeeInvis .     b - +0 halberd
rCold  + . .     Clarity  .     h - +0 ring mail
rNeg   . . .     SustAb   .     (no shield)
rPois  +         Gourm    .     (no helmet)
rElec  +         Spirit   .     (no cloak)
rCorr  +         Warding  .     (no gloves)
rMut   .         Stasis   .     (no boots)
MR     ++...                    (no amulet)
Stlth  +.........               (no ring)
                                (no ring)

@: resistant, regenerating, slowed, very slow, very resistant to hostile
enchantments, very unstealthy
A: change form in water, swift swim
a: Burn Spellbooks, Berserk, Trog's Hand, Renounce Religion


You were on level 3 of the Dungeon.
You worshipped Trog.
Trog was most pleased with you.
You were not hungry.

You visited 1 branch of the dungeon, and saw 3 of its levels.

You collected 91 gold pieces.

Inventory:

Hand weapons
 a - a +0 spear
 b - a +0 halberd (weapon)
Armour
 h - a +0 ring mail (worn)
 t - a +0 scale mail
Jewellery
 q - a cursed -6 ring of strength {unknown}
Scrolls
 d - a scroll of noise {unknown}
 i - 4 scrolls of teleportation {unknown}
 j - a scroll of enchant weapon {unknown}
 k - 3 scrolls of remove curse {unknown}
 l - a scroll of enchant armour {unknown}
 o - 2 scrolls of immolation {unknown}
 u - a scroll of blinking {unknown}
Potions
 e - a potion of invisibility {unknown}
 f - a potion of resistance
 n - a potion of haste {unknown}
 p - a potion of curing
 r - a potion of agility {unknown}
 s - a potion of restore abilities {unknown}
Comestibles
 c - 5 bread rations
 g - 3 meat rations
 m - 3 fruits


   Skills:
 + Level 5.0 Fighting
 + Level 6.8 Polearms
 - Level 1.3 Armour
 - Level 2.6 Dodging


You had 4 spell levels left.
You didn't know any spells.

Dungeon Overview and Level Annotations

Branches:
Dungeon (3/15)

Altars:
Ru
Trog
Xom

Annotations:
D:3 Natasha


Message History

Drink which item? (? for menu, Esc to quit)
It was a potion of resistance.
You feel protected.
The iron imp disappears in a puff of smoke!
The iron imp hits you but does no damage. x2
Drink which item? (? for menu, Esc to quit)
It was a potion of curing.
You feel better.
Natasha zaps a wand.
You resist with some effort. The shadow imp hits you.
* * * LOW HITPOINT WARNING * * *
Natasha barely misses you.
The iron imp hits you but does no damage.
The shadow imp barely misses you.
Use which ability? (? or * to list)
Your skin crawls.
You feel resistant to hostile enchantments.
You feel slightly more hungry. Natasha misses you.
The shadow imp barely misses you.
The iron imp grinds its teeth.
The iron imp hits you!
You die...

####### #..(..# #.#.###
#.#.# ## #.#.# #######
... #.#.# #.....#
....#####.#.###....$#
.............##h@...#
.............##55...#
.............##.....#
.............##.....### #
#########)#>.............
#)#.###.....#### #.#.#
#.....# #.#.# #######
#.#.# ################


You could see an iron imp, Natasha and a shadow imp.

Vanquished Creatures
  6 gnolls
  An adder (D:3)
  A worm (D:2)
  8 orcs (D:3)
  6 hobgoblins
  9 jackals
  3 quokkas
  6 bats
  7 giant geckos
  4 giant newts
  10 goblins
  3 kobolds
  4 rats (D:1)
68 creatures vanquished.

Notes
Turn   | Place    | Note
--------------------------------------------------------------
     0 | D:1      | Kloppie, the Merfolk Berserker, began the quest for the Orb.
     0 | D:1      | Reached XP level 1. HP: 18/18 MP: 1/1
   179 | D:1      | Reached XP level 2. HP: 14/24 MP: 2/2
   887 | D:2      | Acquired Trog's second power
   887 | D:2      | Reached skill level 5 in Polearms
   887 | D:2      | Reached XP level 3. HP: 21/30 MP: 3/3
  1054 | D:2      | Reached XP level 4. HP: 38/38 MP: 4/4
  1106 | D:2      | Found a bloodstained altar of Trog.
  1163 | D:2      | Reached skill level 6 in Polearms
  1447 | D:2      | Found a sacrificial altar of Ru.
  1790 | D:3      | Reached XP level 5. HP: 43/43 MP: 5/5
  1830 | D:3      | Reached skill level 5 in Fighting
  1913 | D:3      | Found a shimmering altar of Xom.
  1913 | D:3      | Found a shimmering altar of Xom.
  1915 | D:3      | Found a shimmering altar of Xom.
  1916 | D:3      | Found a shimmering altar of Xom.
  2121 | D:3      | Noticed Natasha
  2146 | D:3      | HP: 1/44 [Natasha (5)]
  2149 | D:3      | Slain by an iron imp

Action                   |  1- 3 |  4- 6 || total
-------------------------+-------+-------++-------
Melee: Spear             |   111 |    66 ||   177
       Halberd           |       |    72 ||    72
Invok: Berserk           |     1 |     2 ||     3
       Trog's Hand       |       |     1 ||     1
  Use: Potion            |       |     2 ||     2
  Eat: Chunk             |     1 |     6 ||     7
